 Dungeon Crawl Stone Soup version 0.18-a0-965-g9200175 (webtiles) character file.

6244 root the Covert (level 11, -15/83 HPs)
             Began as a Formicid Fighter on Jan 1, 2016.
             Was a High Priest of Cheibriados.
             Killed from afar by an ice statue (20 damage)
             ... with a shard of ice
             ... on level 9 of the Dungeon.
             The game lasted 00:44:17 (10080 turns).

root the Covert (Formicid Fighter)                 Turns: 10080, Time: 00:44:17

Health: -15/83     AC: 10    Str: 35    XL:     11   Next: 15%
Magic:  11/11      EV: 16    Int: 19    God:    Cheibriados [*****.]
Gold:   346        SH: 14    Dex: 25    Spells: 0 memorised, 10 levels left

rFire  . . .     SeeInvis +     o - +1 whip (elec)
rCold  + . .     Gourm    .     D - +3 ring mail
rNeg   + . .     Faith    .     c - +0 shield
rPois  +         Spirit   .     (helmet unavailable)
rElec  .         Dismiss  .     F - +0 cloak {rPois}
rCorr  +         Reflect  .     (no gloves)
SustAt .         Harm     .     (no boots)
MR     +....                    H - amulet of resist corrosion
Stlth  ++++......               J - ring of protection from cold
                                L - ring "Xedeekkiolo" {rN+ Dex+4}

@: very slow, somewhat resistant to hostile enchantments, stealthy
A: permanent stasis, dig shafts and tunnels, four strong arms, antennae 3
a: Dig, Shaft Self, Bend Time, Temporal Distortion, Slouch, Step From Time,
Renounce Religion


You were on level 9 of the Dungeon.
You worshipped Cheibriados.
Cheibriados was extremely pleased with you.
You were not hungry.

You visited 2 branches of the dungeon, and saw 10 of its levels.

You collected 346 gold pieces.

Inventory:

Hand Weapons
 a - a +0 flail
 o - a +1 whip of electrocution (weapon)
 C - a +1 flail of holy wrath
Armour
 c - a +0 shield (worn)
 y - the +1 robe "Myecwisava" {rF+ MR++ MP+9}
   (You found it on level 5 of the Dungeon)

   It protects you from fire.
   It affects your resistance to hostile enchantments.
   It affects your magic capacity (+9).
 D - a +3 ring mail (worn)
 F - a +0 cloak of poison resistance (worn)
Jewellery
 r - an uncursed ring of sustain attributes
 H - an amulet of resist corrosion (around neck)
 J - a ring of protection from cold (right hand)
 L - the ring "Xedeekkiolo" (left hand) {rN+ Dex+4}
   (You found it on level 8 of the Dungeon)

   [ring of dexterity]

   It affects your dexterity (+4).
   It protects you from negative energy.
Wands
 t - a wand of confusion (48/48)
 A - a wand of draining (4/15)
 O - a wand of frost (27/48)
Scrolls
 b - a scroll of magic mapping {unknown}
 e - a scroll of recharging
 g - a scroll of vulnerability {unknown}
 q - a scroll of blinking {unknown}
 u - 2 scrolls of enchant armour {unknown}
 v - a scroll of fear {unknown}
 x - 3 scrolls of remove curse
 z - 2 scrolls of fog {unknown}
 E - 3 scrolls of enchant weapon {unknown}
 I - 2 scrolls of noise {unknown}
 U - a scroll of immolation {unknown}
Potions
 d - 2 potions of might
 h - 4 potions of heal wounds {unknown}
 i - 8 potions of curing {unknown}
 j - 3 potions of lignification {unknown}
 k - 4 potions of degeneration {unknown}
 p - a potion of flight {unknown}
 B - 2 potions of brilliance {unknown}
 G - a potion of ambrosia {unknown}
 K - 3 potions of poison {unknown}
 M - a potion of cure mutation {unknown}
 P - a potion of magic {unknown}
 Q - 2 potions of agility {unknown}
 T - a potion of berserk rage {unknown}
Books
 N - a book of Enchantments

   Spells                             Type                      Level
   a - Cause Fear                     Hexes                        4
   b - Yara's Violent Unravelling     Hexes/Transmutation          5
   c - Silence                        Hexes/Air                    5
   d - Deflect Missiles               Charms/Air                   6
   e - Haste                          Charms                       6
   f - Discord                        Hexes                        8
Miscellaneous
 R - an ornate deck of changes
Comestibles
 f - 9 bread rations
 l - 8 slices of pizza
 m - 8 beef jerkies
 n - 8 fruits
 s - 3 meat rations
 w - a royal jelly


   Skills:
 + Level 6.8 Fighting
 * Level 8.5 Maces & Flails
 + Level 7.3 Armour
 + Level 5.2 Dodging
 * Level 9.4 Stealth
 + Level 8.4 Shields


You had 10 spell levels left.
You didn't know any spells.

Dungeon Overview and Level Annotations

Branches:
Dungeon (9/15)             Temple (1/1) D:6            Lair (0/8) D:9
    Orc: D:9-12

Altars:
Ashenzari
Cheibriados
Dithmenos
Elyvilon
Fedhas
Gozag
Kikubaaqudgha
Makhleb
Nemelex Xobeh
Okawaru
Pakellas
Qazlal
Ru
Sif Muna
Trog
Vehumet
Xom
Yredelemnul
Zin
The Shining One

Annotations:
D:8 Joseph, Prince Ribbit
D:9 exclusion: ice statue


Innate Abilities, Weirdness & Mutations

You are under a permanent stasis effect.
You can dig through walls and to a lower floor.
Your four strong arms can wield two-handed weapons with a shield.
You have a pair of large antennae on your head (SInv).


Message History

You are engulfed in freezing vapours.
You resist. The ice statue throws cold at you. The bolt of cold misses you.
The ice statue throws ice at you. The shard of ice hits you!
You partially resist.
You hit the ice statue.
The ice statue is lightly damaged.
The ice statue throws cold at you. The freezing blast engulfs you! You resist.
You are engulfed in freezing vapours.
You resist. The ice statue throws cold at you. The bolt of cold misses you.
The ice statue throws ice at you. The shard of ice hits you!
You partially resist.
* * * LOW HITPOINT WARNING * * *
The ice statue throws cold at you. The bolt of cold misses you.
The ice statue throws ice at you. The shard of ice hits you!
You partially resist.
You die...

.............##.......(...##)###.
.....>.....##.............###.###
########.##########.####### ###
###..# ##......# ##...##
##..####.# # #..###
###..#####.### # ##'######
#............## ##
#.......###.............## #.
#.......').'..@........+.#####.
#.......####...........#.......
#.......# #.....).....#######.
#.......# #...§§8.............
######### #............#######
#.....§...!.. #............
#............ #............


You could see an ice statue.

Vanquished Creatures
  Erica (D:8)
  Pikel (D:8)
  A fire drake (D:9)
  The ghost of root the Shield-Bearer, an amateur DgFi (D:6)
  The ghost of root the Shield-Bearer, an amateur FoFi of Pakellas (D:6)
  Sigmund (D:3)
  A hippogriff (D:8)
  2 hogs (D:7)
  A hungry ghost (D:7)
  A human (D:7)
  The ghost of nublet the Ruffian, an amateur DrTm (D:3)
  A water moccasin (D:5)
  2 ice beasts (D:7)
  A sky beast (D:7)
  2 orc warriors
  2 phantoms
  A wasp (D:8)
  4 ogres
  4 centaurs
  A big kobold (D:8)
  7 giant frogs
  A scorpion (D:7)
  3 water moccasin skeletons
  3 wights (D:8)
  An electric eel (D:8)
  6 crimson imps
  7 hounds
  A jelly (D:6)
  2 orc priests
  2 iguanas
  An orc wizard (D:9)
  2 giant frog skeletons (D:7)
  Crazy Yiuf (D:3)
  7 worker ants
  2 sheep (D:7)
  2 hound skeletons (D:4)
  2 worker ant zombies
  10 adders
  2 shadow imps
  2 adder skeletons
  2 worms
  8 giant geckos
  31 orcs
  5 giant cockroaches
  5 goblins
  5 hobgoblins
  11 jackals
  6 quokkas
  3 bats
  3 giant gecko zombies
  8 giant newts
  9 kobolds
  A quokka skeleton (D:9)
  A quokka zombie (D:8)
  3 rats
195 creatures vanquished.

Vanquished Creatures (others)
  2 slaves (D:8)
  A hound (D:8)
  A giant gecko (D:8)
  A jackal (D:8)
5 creatures vanquished.

Grand Total: 200 creatures vanquished

Notes
Turn   | Place    | Note
--------------------------------------------------------------
     0 | D:1      | root the Formicid Fighter began the quest for the Orb.
     0 | D:1      | Reached XP level 1. HP: 18/18 MP: 1/1
   171 | D:1      | Reached skill level 1 in Stealth
   173 | D:1      | Reached XP level 2. HP: 14/24 MP: 2/2
   911 | D:1      | Reached XP level 3. HP: 29/29 MP: 3/3
  1380 | D:3      | Noticed nublet's ghost (amateur DrTm)
  1417 | D:3      | Noticed Sigmund
  1429 | D:3      | Killed Sigmund
  1429 | D:3      | Reached skill level 4 in Armour
  1429 | D:3      | Reached skill level 1 in Dodging
  1429 | D:3      | Reached XP level 4. HP: 9/37 MP: 4/4
  1429 | D:3      | Reached XP level 5. HP: 10/42 MP: 5/5
  1429 | D:3      | Reached XP level 6. HP: 11/48 MP: 6/6
  2378 | D:4      | Found an ancient bone altar of Kikubaaqudgha.
  3000 | D:4      | Reached skill level 5 in Shields
  3031 | D:5      | Entered Level 5 of the Dungeon
  3045 | D:5      | Reached XP level 7. HP: 51/54 MP: 7/7
  3093 | D:5      | Noticed a water moccasin
  3106 | D:5      | Killed a water moccasin
  3119 | D:5      | Reached skill level 5 in Armour
  3175 | D:5      | Got a distressingly furry robe
  3179 | D:5      | Identified the +1 robe "Myecwisava" {rF+ MR++ MP+9} (You found it on level 5 of the Dungeon)
  3275 | D:5      | Found a white marble altar of Elyvilon.
  3812 | D:5      | Reached skill level 5 in Stealth
  3812 | D:5      | Reached XP level 8. HP: 46/61 MP: 8/8
  3874 | D:6      | Found a staircase to the Ecumenical Temple.
  3883 | Temple   | Entered the Ecumenical Temple
  3912 | Temple   | Became a worshipper of Cheibriados the Contemplative
  4027 | D:6      | Noticed root's ghost (amateur DgFi)
  5301 | D:3      | Killed nublet's ghost
  5326 | D:3      | Noticed Crazy Yiuf
  5337 | D:3      | Killed Crazy Yiuf
  5475 | D:6      | Killed root's ghost
  5475 | D:6      | Reached skill level 5 in Fighting
  5475 | D:6      | Reached skill level 6 in Armour
  5521 | D:6      | Reached XP level 9. HP: 52/68 MP: 9/9
  5559 | D:6      | Reached * piety under Cheibriados
  5568 | D:6      | Noticed root's ghost (amateur FoFi)
  5585 | D:6      | Killed root's ghost
  5804 | D:6      | Reached skill level 5 in Maces & Flails
  6281 | D:6      | Found a glowing golden altar of the Shining One.
  6954 | D:7      | Reached ** piety under Cheibriados
  7018 | D:7      | Found a deep blue altar of Sif Muna.
  7142 | D:7      | Reached skill level 7 in Stealth
  7639 | D:7      | Reached XP level 10. HP: 72/76 MP: 10/10
  7659 | D:7      | Got a fine rapier
  7660 | D:7      | Identified the cursed +0 rapier "Poocwaeh" {freeze, rC+ rN+ Int+3} (You found it on level 7 of the Dungeon)
  7992 | D:8      | Noticed Joseph
  8072 | D:8      | Reached *** piety under Cheibriados
  8090 | D:8      | Noticed Prince Ribbit
  8200 | D:8      | Reached skill level 8 in Stealth
  8461 | D:8      | Got a shimmering silver ring
  8462 | D:8      | Identified the ring "Xedeekkiolo" {rN+ Dex+4} (You found it on level 8 of the Dungeon)
  8469 | D:8      | Noticed Pikel
  8485 | D:8      | Killed Pikel
  8788 | D:8      | Reached **** piety under Cheibriados
  8951 | D:8      | Noticed Erica
  8973 | D:8      | Killed Erica
  8973 | D:8      | Reached skill level 5 in Dodging
  9133 | D:9      | Reached skill level 9 in Stealth
  9181 | D:9      | Reached XP level 11. HP: 57/83 MP: 11/11
  9471 | D:9      | Found a shimmering altar of Xom.
  9479 | D:9      | Reached ***** piety under Cheibriados
  9545 | D:9      | Found a staircase to the Lair.
 10078 | D:9      | HP: 4/83 [ice statue/shard of ice (32)]
 10080 | D:9      | Killed from afar by an ice statue

Vault maps used:
D:1:      minmay_arrival_three_doors
D:3:      lemuel_upstairs_altar, uniq_crazy_yiuf_cottage, uniq_sigmund
D:4:      kiku_gazebo_pond_becter, first_bread
D:5:      hex_tiny, elyvilon_altar_5
D:6:      lemuel_round_altar, minmay_temple_entry_overgrown
D:7:      kennysheep_mini, grunt_livestock
D:8:      fungi_pond_lemuel, uniq_prince_ribbit1, uniq_erica, uniq_pikel,
          uniq_joseph
D:9:      lemuel_round_altar, minmay_lair_entry_lava, minivault_16,
          kennysheep_generic_room_8
Temple:   lightli_temple_of_artemis

Action                   |  1- 3 |  4- 6 |  7- 9 | 10-12 || total
-------------------------+-------+-------+-------+-------++-------
Melee: Flail             |   103 |   113 |   478 |   152 ||   846
       Whip              |       |       |       |   129 ||   129
 Abil: Dig               |     1 |     1 |     2 |     5 ||     9
  Use: Scroll            |       |       |     5 |     2 ||     7
 Stab: Distracted        |       |       |     1 |       ||     1
       Sleeping          |       |       |     4 |    12 ||    16
  Eat: Chunk             |     2 |     4 |    13 |     5 ||    24
       Fruit             |       |       |     1 |       ||     1
